 Dungeon Crawl Stone Soup version 0.22.1-2-g9c5b331383 (webtiles) character file.

26604 Peloso the Carver (level 12, 0/107 HPs)
             Began as a Minotaur Fighter on Dec 22, 2018.
             Was the Champion of Okawaru.
             Slain by a polar bear (6 damage)
             ... in an ice cave.
             The game lasted 00:39:55 (14161 turns).

Peloso the Carver (Minotaur Fighter)               Turns: 14161, Time: 00:39:55

Health: 0/107      AC: 15    Str: 23    XL:     12   Next: 99%
Magic:  12/12      EV: 11    Int:  5    God:    Okawaru [******]
Gold:   608        SH: 13    Dex: 13    Spells: 11/11 levels left

rFire    . . .     SeeInvis +   a - +1 long sword
rCold    . . .     Gourm    +   c - +0 shield
rNeg     . . .     Faith    .   z - +0 chain mail
rPois    .         Spirit   .   (helmet restricted)
rElec    .         Reflect  .   H - +0 cloak {MR+}
rCorr    .         Harm     .   t - +0 pair of gloves
MR       +....                  (no boots)
Stlth    ..........             O - amulet of the gourmand
HPRegen  0.27/turn              m - ring of flight
MPRegen  0.13/turn              s - ring of see invisible

@: berserk cooldown, slowed, very slow
A: retaliatory headbutt, horns 2
a: Heroism, Finesse, Renounce Religion, Evoke Flight


You were in an ice cave.
You worshipped Okawaru.
Okawaru was exalted by your worship.
You were very full.

You visited 3 branches of the dungeon, and saw 14 of its levels.
You also visited: Ice Cave.

You collected 788 gold pieces.
You spent 180 gold pieces at shops.

Inventory:

Hand Weapons
 a - a +1 long sword (weapon)
 x - the +9 triple sword of Fortitude {freeze, rElec rC+ Dex+4, unknown}
   (You found it in an ice cave)

   It has been specially enchanted to freeze those struck by it, causing extra
   injury to most foes and up to half again as much damage against particularly
   susceptible opponents.
   It can also slow down cold-blooded creatures.
   It affects your dexterity (+4).
   It protects you from cold.
   It insulates you from electricity.
 F - a +1 whip of flaming
 P - the +3 hand axe of Bidempov {protect, rPois Dex+4 Stlth+}
   (You found it on level 11 of the Dungeon)

   It protects the one who uses it against injury (+AC on strike).
   It affects your dexterity (+4).
   It protects you from poison.
   It makes you more stealthy.
Armour
 b - a +0 scale mail
 c - a +0 shield (worn)
 t - a +0 pair of gloves (worn)
 z - a +0 chain mail (worn)
 H - a +0 cloak of magic resistance (worn)
 M - the +3 buckler "Seuh" {rElec rN+++ Str-5 Int-3}
   (Okawaru gifted it to you on level 11 of the Dungeon)

   It affects your strength (-5).
   It affects your intelligence (-3).
   It insulates you from electricity.
   It renders you almost immune to negative energy.
Jewellery
 l - a +3 ring of evasion
 m - a ring of flight (left hand)
 s - a ring of see invisible (right hand)
 y - an uncursed amulet of guardian spirit
 O - an amulet of the gourmand (around neck)
Wands
 j - a wand of clouds (6)
 u - a wand of flame (11)
 E - a wand of polymorph (1)
Scrolls
 h - 2 scrolls of enchant weapon
 i - 3 scrolls of identify
 n - 2 scrolls of amnesia
 o - 3 scrolls of remove curse
 p - 4 scrolls of teleportation
 q - 2 scrolls of blinking
 v - 2 scrolls of magic mapping
 B - 2 scrolls of fog
 C - a scroll of silence
 N - a scroll of enchant armour
Potions
 d - 2 potions of might
 e - 6 potions of curing
 g - a potion of resistance
 k - 2 potions of cancellation
 A - a potion of agility
 G - a potion of magic
 I - a potion of brilliance
 J - 2 potions of flight
 K - 2 potions of mutation
 L - a potion of berserk rage
Miscellaneous
 r - a phial of floods
Comestibles
 f - 21 rations


   Skills:
 + Level 10.4 Fighting
 + Level 14.3 Long Blades
 + Level 1.4 Maces & Flails
 + Level 11.2 Armour
 + Level 6.7 Dodging
 + Level 1.5 Stealth
 + Level 13.7 Shields
 + Level 2.3 Unarmed Combat
 + Level 2.3 Invocations
 + Level 1.0 Evocations


You had 11 spell levels left.
You didn't know any spells.
Your spell library contained the following spells:

 Spells                   Type           Power        Failure   Level  Hunger
 Bolt of Magma            Conj/Fire/Erth #.........   100%        5    ######.
 Iskenderun's Battlesphe  Conj/Chrm      #.......     100%        5    ######.
 Venom Bolt               Conj/Pois      #.........   100%        5    ######.
 Iron Shot                Conj/Erth      #.........   100%        6    #######
 Orb of Destruction       Conj           #.........   100%        7    #######
 Spellforged Servitor     Conj/Summ      #.........   100%        7    #######


Dungeon Overview and Level Annotations

Branches:
Dungeon (11/15)            Temple (1/1) D:5            Lair (2/6) D:8
  Swamp (0/4) Lair:2          Orc (0/2) D:9
  Snake: Lair:2-4    Spider: Lair:2-4

Altars:
Ashenzari
Cheibriados
Dithmenos
Elyvilon
Fedhas
Gozag
Hepliaklqana
Kikubaaqudgha
Makhleb
Nemelex Xobeh
Okawaru
Qazlal
Ru
Sif Muna
Trog
Uskayaw
Vehumet
Wu Jian
Xom
Yredelemnul
Zin
The Shining One

Shops:
D:7 [(((   D:8 !

Annotations:
D:5 3 runed doors, iVAG's ghost, amateur MiFi
D:9 2 transporters, zuik's ghost, novice MfSk


Innate Abilities, Weirdness & Mutations

You reflexively headbutt those who attack you in melee.
You have a pair of horns on your head.


Message History

Unknown command.
Your chain mail prevents you from hitting the polar bear.
The polar bear is severely wounded.
You block the polar bear's attack.
The polar bear claws you but does no damage. x2
The polar bear bites you but does no damage.
The polar bear claws you.
* * * LOW HITPOINT WARNING * * *
The polar bear claws you.
* * * LOW HITPOINT WARNING * * *
You feel much better. You block the polar bear's attack. x3
The polar bear bites you!!
* * * LOW HITPOINT WARNING * * *
The polar bear claws you but does no damage. x2
Unknown command.
You block the polar bear's attack.
The polar bear claws you but does no damage.
The polar bear barely misses you.
You block the polar bear's attack. x3; The polar bear bites you.
You die...

≈≈≈
#.###.#
##.#.##
#....#
##.#.#
###.##
##.#
##.#
#..#
#@##
#h##
##Y#
#h#
#..#
#..##
#...
....#
#....


You could see 2 polar bears and a yak.

Vanquished Creatures
  A frost giant (IceCv)
  2 hydras (Lair:1)
  Erolcha (D:9)
  A two-headed ogre (D:8)
  A death yak (IceCv)
  Pikel (D:8)
  2 cyclopes (D:11)
  An ice statue (IceCv)
  Psyche (D:8)
  A black mamba (Lair:2)
  3 spiny frogs
  Joseph (D:10)
  A gargoyle (D:11)
  A komodo dragon (Lair:1)
  A troll (D:7)
  Grinder (D:5)
  14 polar bears (IceCv)
  Prince Ribbit (D:6)
  4 hippogriffs
  A wraith (D:10)
  34 yaks
  A hungry ghost (D:11)
  A basilisk (D:8)
  A warg (D:9)
  Edmund (D:5)
  2 water moccasins
  7 porcupines
  3 orc warriors
  3 ice beasts
  2 sky beasts
  2 phantoms
  11 ogres
  15 wolves (IceCv)
  6 centaurs
  5 crocodiles
  Blork the orc (D:4)
  4 bullfrogs
  2 wyvern skeletons
  A water moccasin skeleton (D:11)
  5 scorpions
  9 killer bees (D:8)
  4 wights
  3 howler monkeys (D:11)
  4 crimson imps
  2 bullfrog zombies
  2 quasits (D:10)
  4 centaur zombies
  A bullfrog skeleton (D:10)
  6 hounds
  2 jellies
  9 orc wizards
  5 orc priests
  4 iguanas
  8 worker ants
  A killer bee zombie (D:5)
  2 human simulacra (D:11)
  A hound skeleton (D:5)
  2 worker ant zombies
  4 gnolls (D:5)
  15 adders
  2 shadow imps
  An ooze (D:7)
  An adder zombie (D:8)
  An adder skeleton (D:4)
  4 worms (D:2)
  4 dart slugs
  7 leopard geckos
  43 orcs
  6 giant cockroaches
  7 goblins
  9 hobgoblins
  21 jackals
  14 kobolds
  4 quokkas
  2 ball pythons
  9 bats
  5 frilled lizards
  2 leopard gecko zombies (D:5)
  2 quokka skeletons
  10 rats
389 creatures vanquished.

Vanquished Creatures (others)
  A polar bear (IceCv)
  2 slaves (D:8)
  A phantom (D:11)
  A hound (D:8)
  A killer bee zombie (D:8)
  An orc (D:8)
  A giant cockroach (D:8)
  A fungus (D:8)
  3 plants (D:8)
12 creatures vanquished.

Grand Total: 401 creatures vanquished

Notes
Turn   | Place    | Note
-------+----------+-------------------------------------------
     0 | D:1      | Peloso the Minotaur Fighter began the quest for the Orb.
     0 | D:1      | Reached XP level 1. HP: 19/19 MP: 0/0
    41 | D:1      | Reached XP level 2. HP: 17/27 MP: 1/1
   428 | D:1      | Reached XP level 3. HP: 33/33 MP: 2/2
   631 | D:1      | Reached skill level 3 in Long Blades
  1083 | D:2      | Reached XP level 4. HP: 25/40 MP: 3/3
  1350 | D:2      | Reached skill level 1 in Dodging
  1618 | D:3      | Reached skill level 4 in Long Blades
  1618 | D:3      | Reached skill level 5 in Shields
  1618 | D:3      | Reached XP level 5. HP: 41/46 MP: 4/4
  1721 | D:3      | Noticed an ogre
  1725 | D:3      | Killed an ogre
  1725 | D:3      | Reached skill level 5 in Long Blades
  1725 | D:3      | Reached XP level 6. HP: 53/53 MP: 5/5
  2380 | D:4      | Noticed Blork the orc
  2397 | D:4      | Killed Blork the orc
  2681 | D:5      | Entered Level 5 of the Dungeon
  2750 | D:5      | Reached skill level 6 in Long Blades
  2750 | D:5      | Reached skill level 5 in Armour
  2750 | D:5      | Reached XP level 7. HP: 40/60 MP: 6/6
  2904 | D:5      | Noticed Grinder
  2928 | D:5      | Paralysed by Grinder for 3 turns
  2937 | D:5      | Paralysed by Grinder for 3 turns
  2944 | D:5      | Killed Grinder
  2944 | D:5      | Reached skill level 5 in Fighting
  2944 | D:5      | Reached skill level 7 in Long Blades
  3209 | D:5      | Reached XP level 8. HP: 27/68 MP: 7/7
  3520 | D:5      | Found a staircase to the Ecumenical Temple.
  3534 | Temple   | Entered the Ecumenical Temple
  3694 | Temple   | Became a worshipper of Warmaster Okawaru
  3763 | D:5      | Found a runed gate.
  3764 | D:5      | Found a runed gate.
  3765 | D:5      | Found a runed gate.
  3767 | D:5      | Noticed iVAG's ghost (amateur MiFi)
  3826 | D:5      | Reached skill level 8 in Long Blades
  4268 | D:6      | Noticed Edmund
  4273 | D:6      | Reached * piety under Okawaru
  4304 | D:5      | Killed Edmund
  4417 | D:6      | Reached XP level 9. HP: 43/78 MP: 8/8
  4471 | D:6      | Found a snail-covered altar of Cheibriados.
  4523 | D:6      | Reached skill level 9 in Long Blades
  4696 | D:6      | Reached ** piety under Okawaru
  4726 | D:6      | Noticed Prince Ribbit
  4746 | D:6      | Killed Prince Ribbit
  5559 | D:7      | Reached skill level 10 in Long Blades
  5559 | D:7      | Reached skill level 1 in Evocations
  5773 | D:7      | Found Zyodghog's Antique Weapon Boutique.
  5795 | D:7      | Found Repriynua's Antique Weapon Boutique.
  5797 | D:7      | Found Ittalicw's Antique Armour Boutique.
  5894 | D:7      | Found Kist's Weapon Boutique.
  6292 | D:7      | Noticed a troll
  6300 | D:7      | Killed a troll
  6355 | D:8      | Reached *** piety under Okawaru
  6420 | D:8      | Reached XP level 10. HP: 80/86 MP: 7/9
  6477 | D:8      | Found a staircase to the Lair.
  6498 | D:8      | Reached skill level 1 in Invocations
  6533 | D:8      | Reached skill level 11 in Long Blades
  6588 | D:8      | Reached **** piety under Okawaru
  6871 | D:8      | Noticed Pikel
  6937 | D:8      | Killed Pikel
  6937 | D:8      | Reached skill level 10 in Shields
  7016 | D:8      | Reached skill level 1 in Unarmed Combat
  7171 | D:8      | Reached skill level 5 in Dodging
  7326 | D:8      | Found Atoimur's Distillery.
  7334 | D:8      | Bought a potion of curing for 36 gold pieces
  7334 | D:8      | Bought a potion of degeneration for 12 gold pieces
  7334 | D:8      | Bought a potion of heal wounds for 60 gold pieces
  7334 | D:8      | Bought a potion of lignification for 36 gold pieces
  7334 | D:8      | Bought a potion of flight for 36 gold pieces
  7410 | D:8      | Noticed a two-headed ogre
  7418 | D:8      | Killed a two-headed ogre
  7418 | D:8      | Reached ***** piety under Okawaru
  7484 | D:8      | Noticed Psyche
  7493 | D:8      | Killed Psyche
  7663 | D:9      | Found a transporter.
  7665 | D:9      | Noticed zuik's ghost (novice MfSk)
  7734 | D:9      | Received a gift from Okawaru
  7734 | D:9      | Reached XP level 11. HP: 95/95 MP: 11/11
  7919 | D:9      | Found a staircase to the Orcish Mines.
  8121 | D:9      | Noticed Erolcha
  8133 | D:9      | Killed Erolcha
  8133 | D:9      | Reached skill level 12 in Long Blades
  8257 | D:9      | Found a transporter.
  8497 | D:10     | Entered Level 10 of the Dungeon
  8956 | D:10     | Noticed Joseph
  8975 | D:10     | Killed Joseph
  8975 | D:10     | Reached skill level 1 in Stealth
  9706 | D:11     | Reached skill level 13 in Long Blades
  9765 | D:11     | Received a gift from Okawaru
  9788 | D:11     | Got a bloodstained buckler {god gift}
  9799 | D:11     | Identified the +3 buckler "Seuh" {rElec rN+++ Str-5 Int-3}
                  | (Okawaru gifted it to you on level 11 of the Dungeon)
 10005 | D:11     | Got a translucent hand axe
 10006 | D:11     | Identified the cursed +3 hand axe of Bidempov {protect,
                  | rPois Dex+4 Stlth+} (You found it on level 11 of the
                  | Dungeon)
 10299 | Lair:1   | Entered Level 1 of the Lair of Beasts
 10575 | Lair:1   | Reached skill level 10 in Armour
 10575 | Lair:1   | Reached XP level 12. HP: 97/105 MP: 12/12
 11157 | Lair:1   | Noticed a seven-headed hydra
 11232 | Lair:1   | Killed a seven-headed hydra
 11290 | Lair:1   | Reached skill level 1 in Maces & Flails
 11330 | Lair:1   | Noticed a seven-headed hydra
 11336 | Lair:1   | HP: 3/105 [seven-headed hydra (3)]
 11948 | Lair:1   | HP: 2/106 [seven-headed hydra (12)]
 11949 | Lair:1   | Killed a seven-headed hydra
 12402 | Lair:2   | Found a frozen archway.
 12412 | IceCv    | Entered an ice cave
 12565 | IceCv    | HP: 3/106 [ice statue] (11)]
 12575 | IceCv    | Got an encrusted triple sword
 12966 | IceCv    | Reached skill level 10 in Fighting
 13235 | IceCv    | Noticed a death yak
 13266 | IceCv    | Killed a death yak
 13397 | IceCv    | Reached skill level 14 in Long Blades
 14083 | IceCv    | Noticed a frost giant
 14139 | IceCv    | Killed a frost giant
 14139 | IceCv    | Reached ****** piety under Okawaru
 14159 | IceCv    | HP: 5/107 [polar bear (22)]
 14161 | IceCv    | Slain by a polar bear

Skill      XL: |  1  2  3  4  5  6  7  8  9 10 11 12 |
---------------+-------------------------------------+-----
Shields        | 4 5 6 7 9 10 12 13 | 13.7
Fighting       | 4 5 6 7 8 9 10 | 10.4
Armour         | 4 5 6 7 8 10 11 | 11.2
Long Blades    | 3 4 5 6 7 8 10 11 13 14 | 14.3
Dodging        | 1 2 3 4 5 6 |  6.7
Evocations     | 1 |  1.0
Invocations    | 1 2 |  2.3
Unarmed Combat | 2 |  2.3
Stealth        | 1 |  1.5
Maces & Flails | 1 |  1.4

Action                   |  1- 3 |  4- 6 |  7- 9 | 10-12 || total
-------------------------+-------+-------+-------+-------++-------
Melee: Long sword        |   104 |   167 |   382 |  1012 ||  1665
       Headbutt          |    14 |    39 |    69 |   284 ||   406
       Unarmed           |       |       |       |    49 ||    49
       Whip              |       |       |       |    22 ||    22
Invok: Heroism           |       |       |     1 |     8 ||     9
Evoke: Wand              |       |       |     6 |       ||     6
  Use: Potion            |       |     1 |       |     6 ||     7
       Scroll            |       |       |       |    21 ||    21
 Stab: Distracted        |       |       |     1 |       ||     1
  Eat: Chunk             |       |     6 |     8 |    34 ||    48
       Ration            |       |       |     1 |     1 ||     2
Armor: Scale mail        |    60 |    65 |    56 |       ||   181
       Chain mail        |       |       |    41 |   307 ||   348
Dodge: Dodged            |    34 |    67 |   142 |   381 ||   624
Block: Shield            |    65 |    99 |   189 |   618 ||   971
       Rpst.: Long sword |     9 |    15 |    43 |    72 ||   139
